PIO (24 & UNDER)
CHULA VISTA TACOS @ SASKATOON SMOKIN' GUNS
06/09/2024
 
TOP OF THE 1ST
Chula Vista Tacos batting - Pitching for Saskatoon Smokin' Guns : LHP Alfonso Quintero
Pitching: LHP Alfonso Quintero
Batting: RHB Ryan Cates 0-0: Ground out 5-3 (Groundball, 5S)
Batting: LHB Ken Phillips 0-0: Ground out 4-3 (Groundball, 4M)
Batting: RHB Doug Brown 0-0: Ball
1-0: Ball
2-0: SINGLE (Groundball, 56)
Batting: RHB Griswold Coleman 0-0: Ball
1-0: Called Strike
1-1: Ball
2-1: Called Strike
2-2: Ball
3-2: Base on Balls
Doug Brown to second
Batting: LHB Ray Bryant 0-0: Ball
1-0: Foul Ball, location: 2F
1-1: Ground out 4-3 (Groundball, 4)
Top of the 1st over - 0 run(s), 1 hit(s), 0 error(s), 2 left on base; Chula Vista 0 - Saskatoon 0
BOTTOM OF THE 1ST
Saskatoon Smokin' Guns batting - Pitching for Chula Vista Tacos : RHP Carlos Trujillo
Pitching: RHP Carlos Trujillo
Batting: RHB César Rodríguez 0-0: Ball
1-0: Ball
2-0: Ball
3-0: Called Strike
3-1: Called Strike
3-2: Foul Ball, location: 2F
3-2: Strikes out swinging
Batting: RHB Chris Richards 0-0: Called Strike
0-1: Called Strike
0-2: Strikes out swinging
Batting: LHB Russell Peck 0-0: Swinging Strike
0-1: Called Strike
0-2: Strikes out swinging
Bottom of the 1st over - 0 run(s), 0 hit(s), 0 error(s), 0 left on base; Chula Vista 0 - Saskatoon 0
TOP OF THE 2ND
Chula Vista Tacos batting - Pitching for Saskatoon Smokin' Guns : LHP Alfonso Quintero
Batting: LHB Alberto Santos 0-0: Bunted foul
0-1: Called Strike
0-2: Ground out 1-3 (Groundball, 15S)
Batting: RHB José Oliveira 0-0: Called Strike
0-1: Swinging Strike
0-2: Strikes out swinging
Batting: RHB Ricardo Guzmán 0-0: Called Strike
0-1: Swinging Strike
0-2: Ball
1-2: Strikes out swinging
Top of the 2nd over - 0 run(s), 0 hit(s), 0 error(s), 0 left on base; Chula Vista 0 - Saskatoon 0
BOTTOM OF THE 2ND
Saskatoon Smokin' Guns batting - Pitching for Chula Vista Tacos : RHP Carlos Trujillo
Batting: RHB Tom Rowe 0-0: Ball
1-0: Ground out 4-3 (Groundball, 4)
Batting: RHB Eric Neal 0-0: Ball
1-0: Ground out 5-3 (Groundball, 5)
Batting: LHB Raúl Casillán 0-0: Ball
1-0: SINGLE (Groundball, 13) (infield hit)
Batting: RHB Gary Spencer 0-0: Ball
1-0: Called Strike
1-1: Foul Ball, location: 2F
1-2: Ball
Raúl Casillán steals 2nd base
2-2: Foul Ball, location: 2F
2-2: Strikes out looking
Bottom of the 2nd over - 0 run(s), 1 hit(s), 0 error(s), 1 left on base; Chula Vista 0 - Saskatoon 0
TOP OF THE 3RD
Chula Vista Tacos batting - Pitching for Saskatoon Smokin' Guns : LHP Alfonso Quintero
Batting: SHB Michael Aisher 0-0: Called Strike
0-1: Foul Ball, location: 2F
0-2: Ball
1-2: Ball
2-2: Fly out, F3 (Line Drive, 3S)
Batting: RHB Ryan Cates 0-0: Ball
1-0: Ball
2-0: Called Strike
2-1: SINGLE (Line Drive, 78S)
Batting: LHB Ken Phillips 0-0: Called Strike
0-1: SINGLE (Groundball, 4MD)
Ryan Cates to second
Runner from 2nd tries for 3rd, OUT!
Batting: RHB Doug Brown 0-0: Ball
1-0: Called Strike
1-1: Ball
2-1: Ball
3-1: Base on Balls
Ken Phillips to second
Batting: RHB Griswold Coleman 0-0: Called Strike
0-1: Called Strike
0-2: Foul Ball, location: 2F
0-2: Strikes out swinging
Top of the 3rd over - 0 run(s), 2 hit(s), 0 error(s), 2 left on base; Chula Vista 0 - Saskatoon 0
BOTTOM OF THE 3RD
Saskatoon Smokin' Guns batting - Pitching for Chula Vista Tacos : RHP Carlos Trujillo
Batting: RHB Alvin Hampton 0-0: Ground out 6-3 (Groundball, 6M)
Batting: LHB Bo Rush 0-0: Ball
1-0: Called Strike
1-1: Ball
2-1: Ball
3-1: Foul Ball, location: 2F
3-2: Base on Balls
Batting: RHB César Rodríguez 0-0: Called Strike
0-1: Foul Ball, location: 2F
0-2: Fielders Choice at 2nd, U6 (Groundball, 6M)
Batting: RHB Chris Richards 0-0: Ball
1-0: Ball
2-0: Called Strike
2-1: Ground out 6-3 (Groundball, 6)
Bottom of the 3rd over - 0 run(s), 0 hit(s), 0 error(s), 1 left on base; Chula Vista 0 - Saskatoon 0
TOP OF THE 4TH
Chula Vista Tacos batting - Pitching for Saskatoon Smokin' Guns : LHP Alfonso Quintero
Batting: LHB Ray Bryant 0-0: Called Strike
0-1: Swinging Strike
0-2: Ball
1-2: Foul Ball, location: 2F
1-2: Foul Ball, location: 2F
1-2: Fly out, F7 (Flyball, 7S)
Batting: LHB Alberto Santos 0-0: Foul Ball, location: 2F
0-1: Fly out, F7 (Flyball, 7LD)
Batting: RHB José Oliveira 0-0: Called Strike
0-1: Ball
1-1: Called Strike
1-2: Ground out 1-3 (Groundball, 23)
Top of the 4th over - 0 run(s), 0 hit(s), 0 error(s), 0 left on base; Chula Vista 0 - Saskatoon 0
BOTTOM OF THE 4TH
Saskatoon Smokin' Guns batting - Pitching for Chula Vista Tacos : RHP Carlos Trujillo
Batting: LHB Russell Peck 0-0: Fly out, F8 (Flyball, 8RM)
Batting: RHB Tom Rowe 0-0: Foul Ball, location: 2F
0-1: Ball
1-1: Ball
2-1: Foul Ball, location: 2F
2-2: Strikes out swinging
Batting: RHB Eric Neal 0-0: Called Strike
0-1: Ground out 5-3 (Groundball, 56)
Bottom of the 4th over - 0 run(s), 0 hit(s), 0 error(s), 0 left on base; Chula Vista 0 - Saskatoon 0
TOP OF THE 5TH
Chula Vista Tacos batting - Pitching for Saskatoon Smokin' Guns : LHP Alfonso Quintero
Batting: RHB Ricardo Guzmán 0-0: Ball
1-0: Ball
2-0: Foul Ball, location: 2F
2-1: Fly out, F9 (Flyball, 89M)
Batting: SHB Michael Aisher 0-0: Foul Ball, location: 2F
0-1: Ball
1-1: Swinging Strike
1-2: Ball
2-2: Strikes out looking
Batting: RHB Ryan Cates 0-0: Called Strike
0-1: SINGLE (Flyball, 9LS)
Batting: LHB Ken Phillips 0-0: Ball
1-0: Ball
2-0: Fly out, F8 (Flyball, 8RM)
Top of the 5th over - 0 run(s), 1 hit(s), 0 error(s), 1 left on base; Chula Vista 0 - Saskatoon 0
BOTTOM OF THE 5TH
Saskatoon Smokin' Guns batting - Pitching for Chula Vista Tacos : RHP Carlos Trujillo
Batting: LHB Raúl Casillán 0-0: Foul Ball, location: 2F
0-1: Swinging Strike
0-2: Ball
1-2: Strikes out swinging
Batting: RHB Gary Spencer 0-0: Ball
1-0: Fly out, F8 (Line Drive, 8LM)
Batting: RHB Alvin Hampton 0-0: Swinging Strike
0-1: Ball
1-1: Ball
2-1: Ball
3-1: Base on Balls
Batting: LHB Bo Rush 0-0: Called Strike
0-1: Swinging Strike
0-2: Ball
1-2: Reached on error, E1 (Groundball, 15S)
Alvin Hampton to second
Batting: RHB César Rodríguez 0-0: Called Strike
0-1: Swinging Strike
0-2: Foul Ball, location: 2F
0-2: Ball
1-2: Ball
2-2: Ball
3-2: Strikes out swinging
Bottom of the 5th over - 0 run(s), 0 hit(s), 1 error(s), 2 left on base; Chula Vista 0 - Saskatoon 0
TOP OF THE 6TH
Chula Vista Tacos batting - Pitching for Saskatoon Smokin' Guns : LHP Alfonso Quintero
Batting: RHB Doug Brown 0-0: Called Strike
0-1: Fly out, F7 (Flyball, 7D)
Batting: RHB Griswold Coleman 0-0: Ground out 6-3 (Groundball, 6)
Batting: LHB Ray Bryant 0-0: Called Strike
0-1: Ball
1-1: Ball
2-1: Ball
3-1: SOLO HOME RUN (Flyball, 9LD), Distance : 336 ft
Batting: LHB Alberto Santos 0-0: Ball
1-0: Ball
2-0: Called Strike
2-1: Ball
3-1: Foul Ball, location: 2F
3-2: Fly out, F4 (Popup, 4M)
Top of the 6th over - 1 run(s), 1 hit(s), 0 error(s), 0 left on base; Chula Vista 1 - Saskatoon 0
BOTTOM OF THE 6TH
Saskatoon Smokin' Guns batting - Pitching for Chula Vista Tacos : RHP Carlos Trujillo
Batting: RHB Chris Richards 0-0: Ball
1-0: Ball
2-0: Ball
3-0: Foul Ball, location: 2F
3-1: Base on Balls
Batting: LHB Russell Peck 0-0: Ball
1-0: SINGLE (Groundball, 34)
Chris Richards to second
Runner from 2nd tries for 3rd, SAFE, throw made to third
Batting: RHB Tom Rowe 0-0: Ball
1-0: Swinging Strike
1-1: SINGLE (Groundball, 56)
Chris Richards scores
Russell Peck to second
Batting: RHB Eric Neal 0-0: Called Strike
0-1: Fly out, F9 (Flyball, 89M)
Batting: LHB Raúl Casillán 0-0: Foul Ball, location: 2F
0-1: Swinging Strike
0-2: Fly out, F3 (Line Drive, 3L)
Batting: RHB Gary Spencer 0-0: Reached on error, E6 (Groundball, 6)
Russell Peck to third
Tom Rowe to second
Pitching: LHP Nesto Pérez
Batting: RHB Alvin Hampton 0-0: Ball
1-0: Ball
2-0: Ball
3-0: Swinging Strike
3-1: Foul Ball, location: 2F
3-2: Strikes out looking
Bottom of the 6th over - 1 run(s), 2 hit(s), 1 error(s), 3 left on base; Chula Vista 1 - Saskatoon 1
TOP OF THE 7TH
Chula Vista Tacos batting - Pitching for Saskatoon Smokin' Guns : LHP Alfonso Quintero
Pitching: RHP Daniel Casey
Pinch Hitting: LHB Karl Hill 0-0: Ball
1-0: Called Strike
1-1: Called Strike
1-2: Foul Ball, location: 2F
1-2: Ball
2-2: Ball
3-2: Strikes out looking
Batting: RHB Ricardo Guzmán 0-0: Ball
1-0: Fly out, F9 (Flyball, 9S)
Pinch Hitting: RHB Fred Ameris 0-0: Ball
1-0: Foul Ball, location: 2F
1-1: Ball
2-1: Swinging Strike
2-2: Ball
3-2: Base on Balls
Pinch Hitting: RHB Ron Glass 0-0: Called Strike
0-1: Reached on error, E6 (Groundball, 6M)
Fred Ameris to second
Pitching: LHP Dawson Sutton
Pinch Hitting: RHB John Nelson 0-0: Ball
1-0: Called Strike
1-1: Foul Ball, location: 2F
1-2: Strikes out swinging
Top of the 7th over - 0 run(s), 0 hit(s), 1 error(s), 2 left on base; Chula Vista 1 - Saskatoon 1
BOTTOM OF THE 7TH
Saskatoon Smokin' Guns batting - Pitching for Chula Vista Tacos : LHP Nesto Pérez
Now at 1B: Fred Ameris
Now at 3B: John Nelson
Now at SS: José Blanco
Now in LF: Jaime Icaza
Pinch Hitting: RHB Jason O'Toole 0-0: Fly out, F8 (Flyball, 8RM)
Batting: RHB César Rodríguez 0-0: Ball
1-0: Ball
2-0: Ball
3-0: Called Strike
3-1: Foul Ball, location: 2F
3-2: Base on Balls
Batting: RHB Chris Richards 0-0: Ball
1-0: Ball
2-0: Called Strike
2-1: Swinging Strike
2-2: Foul Ball, location: 2F
2-2: Foul Ball, location: 2F
2-2: Ball
Wild Pitch!
César Rodríguez to second
3-2: Strikes out looking
Batting: LHB Russell Peck 0-0: Ball
1-0: Ball
2-0: Ball
3-0: Base on Balls
Batting: RHB Tom Rowe 0-0: Fly out, F7 (Flyball, 78M)
Bottom of the 7th over - 0 run(s), 0 hit(s), 0 error(s), 2 left on base; Chula Vista 1 - Saskatoon 1
TOP OF THE 8TH
Chula Vista Tacos batting - Pitching for Saskatoon Smokin' Guns : LHP Dawson Sutton
Pitching: RHP Lorenzo Montáñez
Now at 3B: Jason O'Toole
Batting: RHB Doug Brown 0-0: Ball
1-0: Foul Ball, location: 2F
1-1: Ball
2-1: Called Strike
2-2: Strikes out swinging
Batting: RHB Griswold Coleman 0-0: Ball
1-0: Ball
2-0: Called Strike
2-1: Ball
3-1: Called Strike
3-2: Base on Balls
Pinch Runner at 1st Manny Torrez:
Batting: LHB Ray Bryant 0-0: Ball
Manny Torrez steals 2nd base
1-0: Intentional Walk
Batting: LHB Alberto Santos 0-0: Ball
1-0: Swinging Strike
1-1: Called Strike
1-2: Ball
2-2: Strikes out swinging
Batting: LHB Jaime Icaza 0-0: Called Strike
0-1: Ball
1-1: Foul Ball, location: 2F
1-2: Strikes out looking
Top of the 8th over - 0 run(s), 0 hit(s), 0 error(s), 2 left on base; Chula Vista 1 - Saskatoon 1
BOTTOM OF THE 8TH
Saskatoon Smokin' Guns batting - Pitching for Chula Vista Tacos : LHP Nesto Pérez
Now at 2B: Cedric Price
Batting: RHB Eric Neal 0-0: Ball
1-0: Foul Ball, location: 2F
1-1: Ball
2-1: Ball
3-1: Foul Ball, location: 2F
3-2: Foul Ball, location: 2F
3-2: Base on Balls
Batting: LHB Raúl Casillán Pickoff Throw to First - Out!
Pinch Hitting: RHB Kenny Thompson 0-0: Ball
1-0: Foul Ball, location: 2F
1-1: Ground out 2-3 (Groundball, 23)
Batting: RHB Gary Spencer 0-0: Fly out, F8 (Flyball, 8LD)
Bottom of the 8th over - 0 run(s), 0 hit(s), 0 error(s), 0 left on base; Chula Vista 1 - Saskatoon 1
TOP OF THE 9TH
Chula Vista Tacos batting - Pitching for Saskatoon Smokin' Guns : RHP Lorenzo Montáñez
Pitching: RHP Clayton Hawkins
Now in CF: Xavier López
Batting: RHB Ricardo Guzmán 0-0: Ball
1-0: Called Strike
1-1: Foul Ball, location: 2F
1-2: Strikes out swinging
Batting: RHB Fred Ameris 0-0: Called Strike
0-1: Foul Ball, location: 2F
0-2: Foul Ball, location: 2F
0-2: Foul Ball, location: 2F
0-2: Foul Ball, location: 2F
0-2: Ball
1-2: Strikes out swinging
Batting: LHB José Blanco 0-0: Foul Ball, location: 2F
0-1: Foul Ball, location: 2F
0-2: Ball
1-2: Ball
2-2: Strikes out swinging
Top of the 9th over - 0 run(s), 0 hit(s), 0 error(s), 0 left on base; Chula Vista 1 - Saskatoon 1
BOTTOM OF THE 9TH
Saskatoon Smokin' Guns batting - Pitching for Chula Vista Tacos : LHP Nesto Pérez
Pitching: LHP Geoff Williams
Batting: RHB Alvin Hampton 0-0: Ball
1-0: Ball
2-0: Ball
3-0: Called Strike
3-1: Base on Balls
Pinch Runner at 1st Luis Suárez:
Batting: RHB Jason O'Toole 0-0: Foul Ball, location: 2F
0-1: Ball
1-1: Fielders Choice at 2nd, 5-4 (Groundball, 5)
Batting: RHB César Rodríguez 0-0: Called Strike
0-1: Fielders Choice at 2nd, 1-6 (Groundball, 15S)
Batting: RHB Chris Richards 0-0: Called Strike
0-1: Ball
1-1: Ball
2-1: Ball
3-1: Fly out, F8 (Flyball, 8LXD)
Bottom of the 9th over - 0 run(s), 0 hit(s), 0 error(s), 1 left on base; Chula Vista 1 - Saskatoon 1
TOP OF THE 10TH
Chula Vista Tacos batting - Pitching for Saskatoon Smokin' Guns : RHP Clayton Hawkins
Now at C: Mario Gómez
Batting: RHB John Nelson 0-0: Called Strike
0-1: Swinging Strike
0-2: Foul Ball, location: 2F
0-2: Ball
1-2: Ball
2-2: Ball
3-2: Strikes out swinging
Batting: RHB Doug Brown 0-0: Swinging Strike
0-1: Ball
1-1: Called Strike
1-2: Strikes out swinging
Batting: RHB Cedric Price 0-0: Foul Ball, location: 2F
0-1: Ball
1-1: Foul Ball, location: 2F
1-2: Strikes out looking
Top of the 10th over - 0 run(s), 0 hit(s), 0 error(s), 0 left on base; Chula Vista 1 - Saskatoon 1
BOTTOM OF THE 10TH
Saskatoon Smokin' Guns batting - Pitching for Chula Vista Tacos : LHP Geoff Williams
Batting: LHB Russell Peck 0-0: Ball
1-0: Ball
2-0: Ball
3-0: Called Strike
3-1: Foul Ball, location: 2F
3-2: Strikes out looking
Batting: RHB Tom Rowe 0-0: Called Strike
0-1: Ball
1-1: Ball
2-1: Ball
3-1: Foul Ball, location: 2F
3-2: Strikes out swinging
Batting: RHB Eric Neal 0-0: Foul Ball, location: 2F
0-1: Foul Ball, location: 2F
0-2: Foul Ball, location: 2F
0-2: Ball
1-2: Foul Ball, location: 2F
1-2: Ball
2-2: SINGLE (Popup, 8LS)
Pinch Hitting: RHB Raúl Méndez 0-0: Ball
Eric Neal is caught stealing 2nd base
Bottom of the 10th over - 0 run(s), 1 hit(s), 0 error(s), 0 left on base; Chula Vista 1 - Saskatoon 1
TOP OF THE 11TH
Chula Vista Tacos batting - Pitching for Saskatoon Smokin' Guns : RHP Clayton Hawkins
Pitching: RHP Dan Handy
Now in RF: Raúl Méndez
Batting: LHB Ray Bryant 0-0: Called Strike
0-1: Swinging Strike
0-2: Ball
1-2: Fly out, F9 (Flyball, 89M)
Batting: LHB Alberto Santos 0-0: Hit by Pitch
Batting: LHB Jaime Icaza 0-0: Called Strike
0-1: Called Strike
0-2: SINGLE (Groundball, 5D)
Alberto Santos to second
Batting: RHB Ricardo Guzmán 0-0: Ball
1-0: Hit by Pitch
Alberto Santos to third
Jaime Icaza to second
Batting: RHB Fred Ameris 0-0: Ball
1-0: Swinging Strike
1-1: DOUBLE (Line Drive, 5D)
Alberto Santos scores
Jaime Icaza scores
Ricardo Guzmán to third
Batting: LHB José Blanco 0-0: Called Strike
0-1: SINGLE (Groundball, 3)
Ricardo Guzmán scores
Fred Ameris to third
Runner from 3rd tries for Home, SAFE, no throw or cutoff
Pitching: RHP Luis Mejía
Batting: RHB John Nelson 0-0: Foul Ball, location: 2F
0-1: Called Strike
0-2: Ball
1-2: Foul Ball, location: 2F
1-2: Foul Ball, location: 2F
1-2: Ball
2-2: SINGLE (Line Drive, 3D)
José Blanco to second
Runner from 2nd tries for 3rd, SAFE, no throw or cutoff
Batting: RHB Doug Brown 0-0: Ball
1-0: Fly out, F5 (Popup, 15)
Batting: RHB Cedric Price 0-0: Ball
John Nelson steals 2nd base
1-0: Ground out 6-3 (Groundball, 6)
Top of the 11th over - 4 run(s), 4 hit(s), 0 error(s), 2 left on base; Chula Vista 5 - Saskatoon 1
BOTTOM OF THE 11TH
Saskatoon Smokin' Guns batting - Pitching for Chula Vista Tacos : LHP Geoff Williams
Pitching: LHP Raymond Ritchie
Batting: RHB Raúl Méndez 0-0: Called Strike
0-1: Called Strike
0-2: Ball
1-2: Strikes out swinging
Batting: RHB Gary Spencer 0-0: Ball
1-0: Fly out, F8 (Flyball, 8RM)
Batting: SHB Mario Gómez 0-0: Called Strike
0-1: SINGLE (Groundball, 15S) (infield hit)
Batting: RHB Jason O'Toole 0-0: Called Strike
0-1: Ball
1-1: Swinging Strike
1-2: Strikes out swinging
Bottom of the 11th over - 0 run(s), 1 hit(s), 0 error(s), 1 left on base; Chula Vista 5 - Saskatoon 1
This league is powered by Out of the Park Baseball, the baseball management simulation game for PC, Mac and Linux
Saturday, April 9th, 2016 - OOTP Baseball 16.8 Build 38